AoeStats
← Bashful_Burrito

Fortress

507160170Analyzed
2v2 RM · 14d ago on Sep 16, 2026· 54m 52s· 4 players
Game mode
Random Map
Map size
Normal (6 player)
Population
200
Speed
Normal
Resources
Standard
Victory
Conquest
Starting age
Dark Age
Ending age
Imperial Age
RankedLock teamsTeams togetherTeam positionsShared explorationLock speedFull tech treeHidden civsTurbo modeCheats
Victory
Defeat
🇺🇸 Magyars · United States
1016
+14
🇦🇷 Vietnamese · Argentina
1001
+15
🇸🇦 Vikings · Saudi Arabia
997
-15
🇸🇦 Huns · Saudi Arabia
961
-14
98_Natsu
8:19 Feudal Age
12:24 Castle Age
21:14 Double-Bit Axe
23:21 Horse Collar
24:19 Wheelbarrow
25:50 Hand Cart
25:38 Heavy Plow
27:40 Scale Barding Armor
28:58 Marauders
29:38 Gold Mining
29:38 Stone Mining
30:25 Chain Barding Armor
31:21 Gold Shaft Mining
33:50 Imperial Age
31:36 Padded Archer Armor
31:26 Fletching
32:31 Murder Holes
33:00 Bow Saw
33:50 Leather Archer Armor
33:31 Bodkin Arrow
33:52 Heavy Cavalry Archer
34:58 Parthian Tactics
35:14 Plate Barding Armor
35:28 Conscription
35:19 Bracer
HHH
0:28 Loom
7:59 Feudal Age
8:48 Double-Bit Axe
15:08 Castle Age
13:15 Horse Collar
13:53 Gold Mining
14:01 Stone Mining
16:17 Bow Saw
16:08 Heavy Plow
17:06 Gold Shaft Mining
17:54 Chieftains
19:02 Town Watch
20:06 Arson
20:22 Squires
20:08 Gambesons
23:18 Murder Holes
23:03 Treadmill Crane
23:16 Heated Shot
25:25 Ballistics
25:10 Elite Skirmisher
27:41 Fervor
29:24 Fletching
29:57 Masonry
29:57 Fortified Wall
30:10 Bodkin Arrow
30:35 Forging
31:00 Scale Mail Armor
31:02 Padded Archer Armor
32:34 Crossbowman
36:21 Imperial Age
36:26 Elite Berserk
37:08 Bogsveigar
37:30 Conscription
36:33 Arbalester
37:35 Bracer
37:51 Leather Archer Armor
38:35 Crop Rotation
39:07 Two-Man Saw
39:10 Iron Casting
39:19 Ring Archer Armor
39:06 Chain Mail Armor
41:42 Chemistry
42:01 Siege Engineers
43:24 Blast Furnace
42:55 Plate Mail Armor
49:38 Architecture
48:58 Arrowslits
Bashful_Burrito
7:02 Feudal Age
8:19 Loom
11:08 Castle Age
10:07 Double-Bit Axe
10:42 Horse Collar
14:57 Wheelbarrow
14:23 Fletching
15:35 Bodkin Arrow
16:36 Bloodlines
17:50 Bow Saw
18:40 Padded Archer Armor
22:01 Husbandry
22:04 Heavy Plow
22:47 Ballistics
23:10 Thumb Ring
25:40 Town Watch
30:24 Imperial Age
29:17 Hand Cart
29:25 Scale Barding Armor
29:22 Corvinian Army
31:30 Conscription
31:16 Heavy Cavalry Archer
32:28 Bracer
33:33 Chain Barding Armor
34:35 Parthian Tactics
35:04 Town Patrol
36:25 Chemistry
35:46 Leather Archer Armor
35:40 Gold Mining
36:58 Two-Man Saw
38:50 Recurve Bow
40:04 Ring Archer Armor
43:07 Plate Barding Armor
42:50 Elite Magyar Huszar
52:02 Man-at-Arms
54:39 Long Swordsman
55:22 Scale Mail Armor
Rey Gyuma
7:07 Feudal Age
7:55 Double-Bit Axe
7:52 Horse Collar
8:08 Gold Mining
9:15 Wheelbarrow
14:28 Castle Age
14:04 Loom
14:46 Fletching
15:53 Bodkin Arrow
16:15 Bow Saw
16:08 Heavy Plow
17:52 Padded Archer Armor
17:34 Light Cavalry
17:37 Elite Skirmisher
18:49 Town Watch
19:20 Forging
23:01 Thumb Ring
23:14 Hand Cart
23:19 Leather Archer Armor
23:06 Scale Mail Armor
28:21 Imperial Age
26:19 Caravan
28:11 Squires
28:52 Iron Casting
28:32 Chain Mail Armor
28:23 Scale Barding Armor
28:40 Town Patrol
28:32 Stone Mining
30:41 Paper Money
31:27 Pikeman
32:36 Bloodlines
33:11 Hoardings
33:25 Ballistics
34:02 Crop Rotation
34:38 Two-Man Saw
33:02 Elite Skirmisher
34:01 Treadmill Crane
35:20 Bracer
35:42 Chain Barding Armor
35:28 Husbandry
34:57 Crossbowman
36:43 Chatras
37:25 Imperial Skirmisher
37:57 Arbalester
39:05 Fortified Wall
41:14 Plate Mail Armor
41:19 Plate Barding Armor
41:24 Elite Battle Elephant
44:37 Capped Ram
44:39 Onager
51:35 Heavy Cavalry Archer
53:02 Ring Archer Armor
51:56 Elite Rattan Archer
53:24 Capped Ram
Connection lost

Rejoining the realm…

Still unreachable

The connection could not be restored.

Session expired

The server has moved on; the page needs a fresh start.